 Dungeon Crawl Stone Soup version 0.26.1-11-gd32895ea62 (webtiles) character file.

Game seed: 3849837366104088846

140 jlumianski the Caller (level 5, -10/22 HPs)
             Began as a Felid Summoner on May 25, 2021.
             Was an Initiate of Makhleb.
             Mangled by Duvessa
             ... wielding a +0 short sword
              (14 damage)
             ... on level 4 of the Dungeon.
             The game lasted 00:22:05 (5702 turns).

jlumianski the Caller (Felid Summoner)              Turns: 5702, Time: 00:22:05

Health: -10/22     AC:  1    Str:  4    XL:     5   Next: 2%
Magic:  0/12       EV: 18    Int: 18    God:    Makhleb [......]
Gold:   249        SH:  0    Dex: 16    Spells: 6/12 levels left
                                        Lives:  0   Deaths: 1

rFire    . . .     SeeInvis +   (weapon unavailable)
rCold    . . .     Faith    .   (shield unavailable)
rNeg     . . .     Spirit   .   (armour unavailable)
rPois    .         Reflect  .   (helmet unavailable)
rElec    .         Harm     .   (cloak unavailable)
rCorr    .         Rampage  .   (gloves unavailable)
Will     .....                  (boots unavailable)
Stlth    +++.......             (no amulet)
HPRegen  0.07/turn              (no ring)
MPRegen  0.13/turn              (no ring)

@: quick
A: very small, no armour, no weapons or thrown items, stealth, claws 1, fangs 3,
see invisible, speed 1, shaggy fur 1, sharp paws
a: Renounce Religion


You were on level 4 of the Dungeon.
You worshipped Makhleb.
Makhleb was noncommittal.
You visited 1 branch of the dungeon, and saw 4 of its levels.

You collected 249 gold pieces.

Inventory:

Scrolls
 a - 2 scrolls of magic mapping
 b - 3 scrolls of teleportation {unknown}
 c - 4 scrolls of immolation {unknown}
 d - 3 scrolls of identify
 e - a scroll of fog {unknown}
 h - a scroll of fear {unknown}
 i - 3 scrolls of remove curse {unknown}
 j - a scroll of noise {unknown}
 m - a scroll of random uselessness {unknown}
 n - a scroll of enchant weapon {unknown}
Potions
 f - a potion of haste
 k - a potion of mutation {unknown}
 l - a potion of degeneration {unknown}
 o - a potion of berserk rage {unknown}
 p - a potion of cancellation {unknown}


   Skills:
 * Level 1.0 Fighting
 * Level 3.1 Dodging
 + Level 3.6 Stealth
 + Level 0.5 Unarmed Combat
 + Level 4.0 Spellcasting
 + Level 5.2 Summonings
 * Level 0.6 Invocations


You had 6 spell levels left.
You knew the following spells:

 Your Spells              Type           Power        Failure   Level
a - Summon Small Mammal   Summ           88%          1%          1
b - Call Imp              Summ           22%          2%          2
c - Call Canine Familiar  Summ           22%          4%          3

Your spell library contained the following spells:

 Spells                   Type           Power        Failure   Level
 Summon Guardian Golem    Hex/Summ       13%          16%         3
 Summon Ice Beast         Ice/Summ       13%          45%         4
 Summon Lightning Spire   Summ/Air       13%          45%         4


Dungeon Overview and Level Annotations

Branches:
Dungeon (4/15)             Temple (0/1) D:4

Altars:
Kikubaaqudgha
Makhleb
Nemelex Xobeh
Okawaru
Uskayaw
Yredelemnul

Annotations:
D:4 2 transporters, Duvessa, Menkaure


Innate Abilities, Weirdness & Mutations

You cannot wear armour.
You are incapable of wielding weapons or throwing items.
Your paws allow you to move quietly. (Stealth)
You have sharp claws.
You have razor-sharp teeth.
You have supernaturally acute eyesight. (SInv)
You cover ground quickly.
You are covered in fur. (AC +1)
Your sharp claws are effective at attacking unaware monsters.


Message History

Your bat hits Duvessa but does no damage.
Your quokka barely misses Duvessa.
Your bat hits Duvessa but does no damage.
Duvessa hits your bat with a +0 short sword!
Your bat dies!
Your bat's corpse disappears in a puff of smoke!
Duvessa rages.
Your white imp gestures at Duvessa.
The puff of frost hits Duvessa.
Duvessa resists.
Duvessa hits your quokka with a +0 short sword.
Your quokka bites Duvessa but does no damage.
Duvessa hits your quokka with a +0 short sword!
Your quokka dies!
Your quokka's corpse disappears in a puff of smoke!
Duvessa shouts!
Casting: Summon Small Mammal (safe; 1% risk of failure)
Confirm with . or Enter, or press ? or * to list all spells.
Duvessa hits you with a +0 short sword!
Ouch! That really hurt!
You die...

.........# #... #### #.#######.#
#.## ...# #.#######.########...
##.#### #....................
......#######..######.###.##.....
##.##.......#..######.# #.....##.
#.#......#.#.........###.....##.
#.....#..#.#.................###
##.......#.....@....###......#..
#.#..##.##.#.er....'.#......#..
#.##....#..........#.#......#..
#..ยง...##..#.......#.#.######..
##..###.#...........#.. #..
#....#........5.....#### #..
##.......#..#........# #..
......##.#...5.......# ####
......##'#.##......####.....##...


You could see Duvessa (berserk), a friendly crimson imp (summoned), a friendly
white imp (summoned) and a friendly rat (summoned).

Vanquished Creatures
  5 goblins
  3 hobgoblins
  A kobold (D:1)
  A bat (D:3)
10 creatures vanquished.

Vanquished Creatures (collateral kills)
  An ogre (D:4)
  Blork the orc (D:4)
  A bullfrog (D:3)
  Dowan (D:4)
  A worker ant (D:3)
  Robin (D:1)
  5 adders
  4 gnolls (D:3)
  2 oozes (D:3)
  3 dart slugs
  A leopard gecko (D:1)
  3 orcs (D:3)
  2 giant cockroaches
  15 goblins
  4 hobgoblins
  9 jackals
  5 kobolds
  4 bats (D:1)
  4 frilled lizards
  3 rats (D:1)
70 creatures vanquished.

Grand Total: 80 creatures vanquished

Notes
Turn   | Place    | Note
-------+----------+-------------------------------------------
     0 | D:1      | jlumianski the Felid Summoner began the quest for the Orb.
     0 | D:1      | Reached XP level 1. HP: 7/7 MP: 4/4
   387 | D:1      | Reached XP level 2. HP: 11/11 MP: 0/6
   390 | D:1      | Learned a level 2 spell: Call Imp
  1773 | D:2      | Reached XP level 3. HP: 14/14 MP: 1/7
  1888 | D:2      | Noticed Robin
  2151 | D:1      | Killed Robin
  3325 | D:3      | Noticed a bullfrog
  3356 | D:3      | Killed a bullfrog
  3357 | D:3      | Reached XP level 4. HP: 4/18 MP: 2/9
  3696 | D:3      | Found a sparkling altar of Nemelex Xobeh.
  3698 | D:3      | Found an iron altar of Okawaru.
  3727 | D:3      | Learned a level 3 spell: Call Canine Familiar
  3748 | D:3      | Reached skill level 5 in Summonings
  3978 | D:3      | Found a hide-covered altar of Uskayaw.
  3978 | D:3      | Found a burning altar of Makhleb.
  4611 | D:3      | Reached XP level 5. HP: 21/21 MP: 3/11
  4647 | D:3      | Became a worshipper of Makhleb the Destroyer
  5244 | D:4      | Noticed Blork the orc
  5259 | D:4      | Killed Blork the orc
  5374 | D:4      | Found a transporter.
  5379 | D:4      | Found a transporter.
  5398 | D:4      | Noticed a phantom
  5399 | D:4      | Found an ancient bone altar of Kikubaaqudgha.
  5400 | D:4      | Noticed an ogre
  5414 | D:4      | Killed an ogre
  5510 | D:4      | Noticed Menkaure
  5511 | D:4      | Found a basalt altar of Yredelemnul.
  5556 | D:4      | Found a staircase to the Ecumenical Temple.
  5574 | D:4      | Noticed Dowan
  5578 | D:4      | Noticed Duvessa
  5586 | D:4      | HP: 1/21 [Dowan/+0 dagger (2)]
  5587 | D:4      | Slain by Dowan
  5588 | D:4      | Reached XP level 4. HP: -2/18 MP: 5/11
  5679 | D:4      | Killed Dowan
  5680 | D:4      | Reached skill level 1 in Fighting
  5680 | D:4      | Reached XP level 5. HP: 8/22 MP: 2/12
  5702 | D:4      | Mangled by Duvessa

Illustrated notes

Levels and vault maps discovered:
D:1:      sevenhm_arrival_forest_fort_large_2, layout_loops_cross
D:2:      layout_rooms, uniq_robin
D:3:      minmay_inner_zag, layout_basic, gammafunk_temple_overflow_elements,
          chequers_temple_overflow_statue_of_worship
D:4:      layout_basic, gammafunk_temple_of_torment, temple_green, serial_shops,
          nicolae_shop_waterfront, uniq_duvessa, uniq_blork_the_orc

Skill      XL: |  1  2  3  4  5 |
---------------+----------------+-----
Stealth        | 3 |  3.6
Spellcasting   | 3 4 |  4.0
Summonings     | 5 |  5.2
Dodging        | 3 |  3.1
Fighting       | 1 |  1.0
Unarmed Combat | |  0.5
Invocations    | |  0.6

Action                   |  1- 3 |  4- 6 || total
-------------------------+-------+-------++-------
Melee: Unarmed           |    32 |     2 ||    34
       Bite              |     1 |     1 ||     2
 Cast: Summon Small Mamm |    96 |    35 ||   131
       Call Imp          |    30 |    23 ||    53
       Call Canine Famil |       |    11 ||    11
  Use: Scroll            |     2 |       ||     2
       Potion            |       |     1 ||     1
 Stab: Sleeping          |     7 |       ||     7
Armor: Skin              |     4 |       ||     4
Dodge: Dodged            |    52 |    13 ||    65
